 Dungeon Crawl Stone Soup version 0.27.1-3-gb3d3a73c9e (webtiles) character file.

Game seed: 14419835651652235988

905 styxcanada the Covert (level 7, -3/35 HPs)
             Began as a Spriggan Brigand on Oct 17, 2021.
             Was an Initiate of Gozag.
             Slain by an orc priest (10 damage)
             ... in the Ecumenical Temple.
             The game lasted 00:25:44 (7717 turns).

styxcanada the Covert (Spriggan Brigand)            Turns: 7717, Time: 00:25:45

Health: -3/35      AC:  3    Str:  7    XL:     7   Next: 80%
Magic:  0/11       EV: 19    Int: 13    God:    Gozag
Gold:   135        SH:  0    Dex: 18    Spells: 7/10 levels left

rFire    . . .     SeeInvis +   f - +1 dagger (freeze)
rCold    . . .     Faith    .   (shield restricted)
rNeg     . . .     Spirit   +   b - +0 robe
rPois    .         Reflect  .   (helmet restricted)
rElec    .         Harm     .   c - +0 cloak
rCorr    .         Rampage  .   (gloves unavailable)
Will     +....                  (boots unavailable)
Stlth    +++++.....             h - amulet of guardian spirit
HPRegen  0.11/turn              (no ring)
MPRegen  0.12/turn              (no ring)

@: very quick
A: very small, no large weapons, unfitting armour, see invisible, speed 3
a: Renounce Religion, Potion Petition, Call Merchant, Bribe Branch


You were in the Ecumenical Temple.
You worshipped Gozag.
Gozag was aware of your devotion.
You visited 2 branches of the dungeon, and saw 7 of its levels.

You collected 222 gold pieces.
You paid 87 gold pieces to Gozag.

Inventory:

Hand Weapons
 a - a +2 dagger
 d - a +0 hunting sling
 f - a +1 dagger of freezing (weapon)
 n - a +0 hunting sling
Missiles
 g - 188 stones (quivered)
Armour
 b - a +0 robe (worn)
 c - a +0 cloak (worn)
 i - a scarf of resistance
Jewellery
 h - an amulet of guardian spirit (around neck)
Scrolls
 j - 2 scrolls of enchant weapon
 q - a scroll of teleportation
Potions
 l - a potion of curing
 m - a potion of mutation
 o - 2 potions of resistance
 p - a potion of invisibility {unknown}
 r - a potion of attraction {unknown}


   Skills:
 * Level 2.8 Fighting
 + Level 3.7 Short Blades
 + Level 3.2 Throwing
 * Level 4.5 Dodging
 * Level 10.2 Stealth
 * Level 2.4 Spellcasting
 * Level 1.2 Conjurations
 * Level 1.3 Fire Magic


You had 7 spell levels left.
You knew the following spells:

 Your Spells              Type           Power      Damage    Failure   Level
a - Conjure Flame         Conj/Fire      4%         6-21      41%         3

Your spell library contained the following spells:

 Spells                   Type           Power      Damage    Failure   Level
 Beastly Appendage        Tmut           2%         N/A       24%         1
 Wereblood                Tmut           1%         N/A       36%         2
 Ignite Poison            Fire/Tmut/Pois 2%         N/A       52%         3
 Spider Form              Tmut/Pois      0%         N/A       58%         3
 Sticky Flame             Conj/Fire      4%         2d3       82%         4
 Leda's Liquefaction      Hex/Erth       0%         N/A       94%         4
 Bolt of Magma            Conj/Fire/Erth 1%         4d4       99%         5
 Statue Form              Tmut/Erth      0%         N/A       100%        6


Dungeon Overview and Level Annotations

Branches:
Dungeon (6/15)             Temple (1/1) D:6

Altars:
Ashenzari
Cheibriados
Elyvilon
Fedhas
Gozag
Hepliaklqana
Kikubaaqudgha
Makhleb
Nemelex Xobeh
Okawaru
Ru
Sif Muna
Trog
Uskayaw
Vehumet
Zin
The Shining One

Annotations:
D:4 1 runed translucent door, Icepheonix32's ghost, novice DsSu


Innate Abilities, Weirdness & Mutations

You are very small and have problems with some larger weapons.
You are too small for most types of armour.
You have supernaturally acute eyesight. (SInv)
You cover ground extremely quickly. (Speed+++)


Message History

The orc priest is lightly wounded.
The orc priest closely misses you.
Throw: 3 darts (poison)
Press: ? - help, Q - select action, (/) - cycle Shift-Dir - straight line, f - orc priest
Aim: an orc priest, wielding a +1 morningstar of holy wrath and wearing a +0 ring mail (lightly wounded, 66% to hit)
Okay, then.
Throw: 3 darts (poison)
Press: ? - help, Q - select action, (/) - cycle Shift-Dir - straight line, f - orc priest
Aim: an orc priest, wielding a +1 morningstar of holy wrath and wearing a +0 ring mail (lightly wounded, 66% to hit)
You throw a poisoned dart.
The poisoned dart closely misses the orc priest.
Throw: 2 darts (poison)
Press: ? - help, Q - select action, (/) - cycle Shift-Dir - straight line, f/p - orc priest
Aim: an orc priest, wielding a +1 morningstar of holy wrath and wearing a +0 ring mail (lightly wounded, 66% to hit)
You throw a poisoned dart. The poisoned dart hits the orc priest!
The orc priest is poisoned.
The orc priest is lightly wounded.
The orc priest misses you.
Throw: dart (poison)
Press: ? - help, Q - select action, (/) - cycle Shift-Dir - straight line, f/p - orc priest
Aim: an orc priest, wielding a +1 morningstar of holy wrath and wearing a +0 ring mail (lightly wounded, very poisoned, 66% to hit)
You throw a poisoned dart. The poisoned dart hits the orc priest!
The orc priest looks as sick as possible!
The orc priest is lightly wounded.
The orc priest calls down the wrath of Beogh upon you.
Pain shoots through your body!
* * * LOW HITPOINT WARNING * * *
Throw: dart (curare)
Press: ? - help, Q - select action, (/) - cycle Shift-Dir - straight line, f/p - orc priest
Aim: an orc priest, wielding a +1 morningstar of holy wrath and wearing a +0 ring mail (moderately wounded, extremely poisoned, 66% to hit)
You throw a curare-tipped dart.
The curare-tipped dart barely misses the orc priest.
The orc priest completely misses you.
You hit the orc priest but do no damage.
The orc priest is moderately wounded.
You hit the orc priest but do no damage.
The orc priest is heavily wounded.
The orc priest hits you with a +1 morningstar of holy wrath!
You die...
Your body crumbles into a pile of gold.

#########
##._._._.##
##_......._##
##....≈.≈....##
#8..≈≈≈.≈≈≈..8#
#...≈≈≈.≈≈≈...#
#_.≈≈≈...≈≈≈._#
#@o....<(.....#
#_.≈≈≈...≈≈≈._#
#...≈≈≈.≈≈≈...#
#_..≈≈≈.≈≈≈.._#
##....≈.≈....##
##_......._##
##._.8._.##
#########


You could see an orc priest (extremely poisoned).

Vanquished Creatures
  Duvessa (D:5)
  3 ogres
  A phantom (D:5)
  A water moccasin zombie (D:5)
  Dowan (D:5)
  A water moccasin skeleton (D:4)
  A bullfrog skeleton (D:5)
  A hound (D:5)
  A jelly (D:5)
  2 iguanas
  Natasha (thrice) (D:3)
  A howler monkey skeleton (D:4)
  A gnoll (D:1)
  3 adders
  An ufetubus (D:5)
  2 worms (D:2)
  A dart slug (D:2)
  2 orcs
  2 bats
  2 endoplasms
  A giant cockroach (D:2)
  3 goblins
  3 hobgoblins
  5 kobolds
  2 quokkas
  5 ball pythons
  10 frilled lizards
  11 rats
71 creatures vanquished.

Vanquished Creatures (others)
  5 plants (D:4)
5 creatures vanquished.

Grand Total: 76 creatures vanquished

Notes
Turn   | Place    | Note
-------+----------+-------------------------------------------
     0 | D:1      | styxcanada the Spriggan Brigand began the quest for the
                  | Orb.
     0 | D:1      | Reached XP level 1. HP: 10/10 MP: 2/2
    50 | D:1      | Reached skill level 6 in Stealth
   629 | D:1      | Reached XP level 2. HP: 13/14 MP: 1/3
  1265 | D:1      | Reached skill level 7 in Stealth
  1465 | D:2      | Reached XP level 3. HP: 18/18 MP: 4/4
  1647 | D:2      | Found a broken altar of Ashenzari.
  2261 | D:3      | Noticed Natasha
  2304 | D:3      | Killed Natasha
  2305 | D:3      | Reached XP level 4. HP: 5/23 MP: 2/5
  2315 | D:3      | Noticed Natasha
  2325 | D:3      | Killed Natasha
  2326 | D:3      | Reached skill level 8 in Stealth
  2674 | D:3      | Noticed Natasha
  2686 | D:3      | Killed Natasha
  2973 | D:3      | Noticed an ogre
  3008 | D:3      | Killed an ogre
  3009 | D:3      | Reached skill level 9 in Stealth
  3009 | D:3      | Reached XP level 5. HP: 15/26 MP: 3/6
  3352 | D:3      | Found a glowing golden altar of the Shining One.
  4078 | D:4      | Found a runed translucent door.
  4078 | D:4      | Noticed Icepheonix32's ghost (novice DsSu)
  4309 | D:4      | Reached XP level 6. HP: 32/32 MP: 7/7
  4659 | D:5      | Entered Level 5 of the Dungeon
  4664 | D:5      | Learned a level 3 spell: Conjure Flame
  4687 | D:5      | Found a shimmering blue altar of Sif Muna.
  4699 | D:5      | Reached skill level 1 in Spellcasting
  4971 | D:5      | Reached XP level 7. HP: 4/35 MP: 2/9
  6046 | D:5      | Reached skill level 1 in Conjurations
  6293 | D:5      | Noticed Duvessa
  6294 | D:5      | Noticed Dowan
  6316 | D:5      | Reached skill level 1 in Fire Magic
  6394 | D:5      | Killed Duvessa
  6395 | D:5      | Reached skill level 10 in Stealth
  6467 | D:5      | Killed Dowan
  7673 | D:6      | Found a staircase to the Ecumenical Temple.
  7682 | Temple   | Entered the Ecumenical Temple
  7689 | Temple   | Became a worshipper of Gozag Ym Sagoz the Greedy
  7717 | Temple   | Slain by an orc priest

Illustrated notes

Levels and vault maps discovered:
D:1:      dpeg_arrival_tiny_a, layout_basic
D:2:      layout_rooms, basic_altar, corexii_shack
D:3:      layout_loops_ring, mainiacjoe_overflow_concentric_impassable,
          uniq_natasha
D:4:      layout_loops_ring, ebering_ghost_sewer_d, minmay_lizard_king
D:5:      layout_layer_cave, lemuel_round_altar, uniq_duvessa
D:6:      layout_loops_cross, minmay_temple_entry_proselytizer
Temple:   nicolae_temple_no_exploring_needed

Skill      XL: |  1  2  3  4  5  6  7 |
---------------+----------------------+-----
Stealth        | 6 7 9 10 | 10.2
Fighting       | 2 |  2.8
Dodging        | 2 3 4 |  4.5
Short Blades   | 3 |  3.7
Throwing       | 3 |  3.2
Spellcasting   | 1 2 |  2.4
Conjurations   | 1 |  1.2
Fire Magic     | 1 |  1.3

Action                   |  1- 3 |  4- 6 |  7- 9 || total
-------------------------+-------+-------+-------++-------
Melee: Dagger            |    65 |   110 |   133 ||   308
Throw: Dart              |    19 |    15 |    19 ||    53
       Stone             |       |     7 |     2 ||     9
  Use: Scroll            |       |    10 |     1 ||    11
       Potion            |       |     1 |       ||     1
 Stab: Sleeping          |    16 |     5 |     6 ||    27
Armor: Robe              |    12 |     8 |    10 ||    30
Dodge: Dodged            |    34 |    68 |    79 ||   181
